 Dungeon Crawl Stone Soup version 0.30-a0-777-ga9a30cbeda (console) character file.

Game seed: 40653428961183513

101 rlgrobin the Insei (level 4, -2/35 HPs)
             Began as a Mummy Monk on Feb 14, 2023.
             Slain by a kobold
             ... wielding a +0 whip
              (5 damage)
             ... in a sewer.
             The game lasted 00:06:02 (2793 turns).

rlgrobin the Insei (Mummy Monk)                     Turns: 2793, Time: 00:06:03

Health: -2/35      AC:  1    Str: 14    XL:     4   Next: 48%
Magic:  4/4        EV: 12    Int:  9    God:
Gold:   96         SH:  0    Dex: 16    Spells: 3/3 levels left

rFire   x . .      SeeInvis .      - Unarmed
rCold   + . .      Faith    +    (no shield)
rNeg    + + +      Spirit   .    (no body armour)
rPois   ∞          Reflect  .    b - +0 hat
rElec   .          Harm     .    (no cloak)
rCorr   .          Rampage  .    (no gloves)
Will    .....                    c - +0 pair of boots
Stlth   ++                       (no amulet)
HPRegen 0.25/turn                (no ring)
MPRegen 0.09/turn                (no ring)

@: no status effects
A: cold resistance 1, negative energy resistance 3, torment resistance 2, heat
vulnerability 1, in touch with death 1, no potions, faith
a: no special abilities


You were in a sewer.
You visited 1 branch of the dungeon, and saw 3 of its levels.
You also visited: Sewer.

You collected 96 gold pieces.

Inventory:

Armour
 b - a +0 hat (worn)
 c - a +0 pair of boots (worn)
Scrolls
 a - a scroll of blinking
 d - 2 scrolls of fear {unknown}


   Skills:
 - Level 3.0 Fighting
 - Level 2.4 Dodging
 - Level 1.5 Stealth
 + Level 4.4 Unarmed Combat


You had 3 spell levels left.
You didn't know any spells.
Your spell library contained the following spells:

 Spells                   Type           Power      Damage    Failure   Level
 Freeze                   Ice            0%         1d3       38%         1
 Magic Dart               Conj           0%         1d3       38%         1
 Slow                     Hex            0%         N/A       38%         1
 Call Imp                 Summ           0%         N/A       52%         2
 Cigotuvi's Dreadful Rot  Necr/Pois/Air  0%         N/A       52%         2
 Confusing Touch          Hex            0%         N/A       77%         3
 Frozen Ramparts          Ice            0%         1d1       77%         3
 Gell's Gravitas          Tloc           0%         N/A       77%         3
 Hailstorm                Conj/Ice       0%         3d3       77%         3
 Mephitic Cloud           Conj/Pois/Air  0%         N/A       77%         3
 Teleport Other           Tloc           0%         N/A       77%         3
 Vampiric Draining        Necr           0%         2d6       77%         3
 Dispel Undead            Necr           0%         3d6       99%         4
 Death Channel            Necr           0%         N/A       100%        6
 Dispersal                Tloc           0%         N/A       100%        6
 Summon Hydra             Summ           0%         N/A       100%        7
 Sublimation of Blood     Necr           Unusable   N/A       N/A         2
 Wereblood                Tmut           Unusable   N/A       N/A         2

Dungeon Overview and Level Annotations

Branches:
Dungeon (3/15)              Sewer (1/1)

Altars:

Annotations:
D:2 Sigmund
D:3 1 runed translucent door, LowRida's ghost, amateur TrFi


Innate Abilities, Weirdness & Mutations

You are immune to poison.
Your flesh is cold resistant. (rC+)
You are immune to negative energy. (rN+++)
You are immune to unholy pain and torment.
You are vulnerable to heat. (rF-)
You are in touch with the powers of death.
You do not drink.
You have a special connection with the divine. (Faith)


Message History

You are too injured to fight recklessly!
You are too injured to fight recklessly!
You hit the river rat.
You kill the river rat!
The frilled lizard bites you.
You closely miss the frilled lizard. The frilled lizard closely misses you.
The frilled lizard bites you but does no damage.
You barely miss the frilled lizard. The frilled lizard bites you.
* * * LOW HITPOINT WARNING * * *
The frilled lizard closely misses you.
You closely miss the frilled lizard.
The frilled lizard closely misses you. x2
You punch the frilled lizard!
You kill the frilled lizard!
The frilled lizard closely misses you.
You closely miss the frilled lizard. The frilled lizard bites you.
* * * LOW HITPOINT WARNING * * *
The frilled lizard closely misses you.
You hit the frilled lizard.
You kill the frilled lizard!
The frilled lizard bites you.
* * * LOW HITPOINT WARNING * * *
You closely miss the frilled lizard. The frilled lizard misses you.
You hit the jackal.
The jackal is severely wounded.
The jackal barely misses you. The frilled lizard bites you.
* * * LOW HITPOINT WARNING * * *
You closely miss the jackal.
The jackal is severely wounded.
The jackal closely misses you. x2
You hit the jackal. Your punch misses the jackal.
The jackal is almost dead.
The frilled lizard misses you. The jackal bites you.
* * * LOW HITPOINT WARNING * * *
You hit the jackal.
You kill the jackal!
The frilled lizard closely misses you.
You hit the kobold.
The kobold is heavily wounded.
The frilled lizard closely misses you. The kobold hits you with a +0 whip.
You die...

.~..~.~~. .~..~.##
.~~.~~ ######.~.##
####### ~~~~~~.P~.##
##P.≈≈≈# ##...~.#
#P.P≈≈≈# #~.....#
#~##.###### #~#.~~..l##
#~#..~~~~~#
#~######K@###~#..######
#~#!~~~~~..##~#....≈≈≈#
#~######....#~#.∩.≈≈≈≈#
#~#~...~~...#~#.∩.≈≈≈##
#~#...~.~.~†#~#)..≈≈≈≈#
##†#..~.~..†......≈≈≈≈##
##......~~#...P....≈≈###
#.#..#...###.~.P..####
########## ########


You could see a kobold and a frilled lizard.

Vanquished Creatures
  2 adders (Sewer)
  2 river rats (Sewer)
  A worm (D:3)
  A dart slug (D:2)
  3 orcs
  6 ball pythons
  4 bats
  4 endoplasms
  3 giant cockroaches
  2 goblins (D:2)
  4 hobgoblins
  2 jackals (Sewer)
  4 kobolds
  2 quokkas
  4 frilled lizards
  13 rats
57 creatures vanquished.

Vanquished Creatures (others)
  11 demonic plants (D:2)
  6 fungi (D:2)
  13 plants
  3 withered plants (D:2)
33 creatures vanquished.

Grand Total: 90 creatures vanquished

Notes
Turn   | Place    | Note
-------+----------+-------------------------------------------
     0 | D:1      | rlgrobin the Mummy Monk began the quest for the Orb.
     0 | D:1      | Reached XP level 1. HP: 18/18 MP: 1/1
   257 | D:1      | Reached XP level 2. HP: 20/24 MP: 2/2
   290 | D:1      | Reached skill level 3 in Unarmed Combat
  1397 | D:2      | Gained mutation: You are in touch with the powers of death.
                  | [Mummy growth]
  1397 | D:2      | Reached XP level 3. HP: 29/29 MP: 3/3
  1897 | D:2      | Noticed Sigmund
  1996 | D:3      | Found a runed translucent door.
  1999 | D:3      | Noticed LowRida's ghost (amateur TrFi)
  2283 | D:3      | Identified the +7 dagger of Mourning {protect, rN+ Dex+2}
  2344 | D:3      | Found a glowing drain.
  2455 | Sewer    | Entered a sewer
  2584 | Sewer    | Reached skill level 4 in Unarmed Combat
  2584 | Sewer    | Reached XP level 4. HP: 22/35 MP: 4/4
  2793 | Sewer    | Slain by a kobold

Illustrated notes

Levels and vault maps discovered:
D:1:      minmay_arrival_three_doors, layout_basic, serial_bayou_lake_a
D:2:      layout_loops_corners, shapermc_ecumenical_altar_gd,
          dilly_guarded_unrand_morg, uniq_sigmund
D:3:      layout_basic, ebering_ghost_sewer_d, portal_sewer_entry_e
Sewer:    sewer_co_scattered_pipes

Skill      XL: |  1  2  3 |
---------------+----------+-----
Unarmed Combat | 3 4 |  4.4
Fighting       | |  3.0
Dodging        | |  2.4
Stealth        | |  1.5

Action                     |  1- 3 |  4- 6 || total
---------------------------+-------+-------++-------
  Melee: Unarmed           |   199 |    40 ||   239
         Punch             |     6 |     3 ||     9
    Use: Scroll            |     4 |       ||     4
   Stab: Sleeping          |     5 |       ||     5
 Armour: Skin              |     3 |     2 ||     5
  Dodge: Dodged            |   124 |    31 ||   155

Table legend: (Time is in decaauts)
 A = Elapsed time spent in this place.
 B = Non-inter-level travel time spent in this place.
 C = Inter-level travel time spent in this place.
 D = Time resting spent in this place.
 E = Time spent auto-exploring this place.
 F = Levels seen in this place.
 G = Mean time per level.
                   A        B        C        D        E       F      G
               +--------+--------+--------+--------+--------+-----+--------+
         Total |   2812 |   2657 |    155 |    595 |   1223 |   4 |  703.0 |
       Dungeon |   2472 |   2317 |    155 |    433 |   1175 |   3 |  824.0 |
         Sewer |    340 |    340 |      0 |    162 |     48 |   1 |  340.0 |
               +--------+--------+--------+--------+--------+-----+--------+

Top non-repeatable levels by time:
     D:1: 1270 daAuts
     D:2: 674 daAuts
     D:3: 527 daAuts
   Sewer: 340 daAuts
